 Dungeon Crawl Stone Soup version 0.18.1-6-gd335043 (webtiles) character file.

109 namelastname112 the Charmwright (level 4, -5/38 HPs)
             Began as a Draconian Skald on May 15, 2016.
             Slain by Crazy Yiuf
             ... wielding a +4 quarterstaff of chaos
              (16 damage)
             ... on level 2 of the Dungeon.
             The game lasted 00:03:45 (1988 turns).

namelastname112 the Charmwright (Draconian Skald)   Turns: 1988, Time: 00:03:45

Health: -5/38      AC:  8    Str: 15    XL:     4   Next: 60%
Magic:  4/7        EV: 12    Int: 12    God:
Gold:   56         SH:  0    Dex: 11    Spells: 3 memorised, 1 level left

rFire  . . .     SeeInvis .     a - +0 falchion
rCold  . . .     Gourm    .     (armour unavailable)
rNeg   . . .     Faith    .     (no shield)
rPois  .         Spirit   .     (helmet restricted)
rElec  .         Dismiss  .     l - +2 cloak
rCorr  .         Reflect  .     (no gloves)
SustAt .         Harm     .     (no boots)
MR     +....                    h - amulet of rage
Stlth  +.........               (no ring)
                                d - ring of protection from magic

@: slowed, very slow, somewhat resistant to hostile enchantments, very
unstealthy
A: unfitting armour, cold-blooded, AC +5
a: Evoke Berserk Rage


You were on level 2 of the Dungeon.
You were not hungry.

You visited 1 branch of the dungeon, and saw 2 of its levels.

You collected 56 gold pieces.

Inventory:

Hand Weapons
 a - a +0 falchion (weapon)
Armour
 l - a +2 cloak (worn)
Jewellery
 d - a ring of protection from magic (left hand)
 h - an amulet of rage (around neck)
Scrolls
 e - a scroll of amnesia {unknown}
 n - a scroll of fear {unknown}
 o - a scroll of teleportation {unknown}
 p - 2 scrolls of enchant weapon {unknown}
Potions
 g - a potion of brilliance {unknown}
 i - a potion of curing {unknown}
 k - 2 potions of ambrosia {unknown}
 m - a potion of heal wounds {unknown}
 q - a potion of haste {unknown}
Books
 b - a book of Battle

   Spells                             Type                      Level
   a - Infusion                       Charms                       1
   b - Shroud of Golubria             Charms/Translocation         2
   c - Song of Slaying                Charms                       2
   d - Spectral Weapon                Hexes/Charms                 3
   e - Regeneration                   Charms/Necromancy            3
Comestibles
 c - 3 bread rations
 f - a meat ration


   Skills:
 + Level 3.0 Fighting
 * Level 3.0 Long Blades
 + Level 1.9 Dodging
 + Level 2.5 Spellcasting
 + Level 3.4 Charms


You had one spell level left.
You knew the following spells:

 Your Spells              Type           Power        Failure   Level  Hunger
a - Infusion              Chrm           #...         8%          1    #......
c - Spectral Weapon       Hex/Chrm       #.......     43%         3    ###....
d - Regeneration          Chrm/Necr      #.........   43%         3    ###....


Dungeon Overview and Level Annotations

Branches:
Dungeon (2/15)

Altars:

Annotations:
D:2 Crazy Yiuf


Innate Abilities, Weirdness & Mutations

Your plain brown scales are hard (AC +5).
Your body does not fit into most forms of armour.
You are cold-blooded and may be slowed by cold attacks.


Message History

You completely miss Crazy Yiuf.
Your spectral weapon hits Crazy Yiuf.
Crazy Yiuf hits you with a quarterstaff of chaos.
Crazy Yiuf burns you.
You take 5 damage, and have 33/38 hp.
You hit Crazy Yiuf.
Crazy Yiuf is heavily wounded.
Your spectral weapon hits Crazy Yiuf.
Crazy Yiuf barely misses you.
You hit Crazy Yiuf.
Crazy Yiuf is almost dead.
Your spectral weapon hits Crazy Yiuf.
Crazy Yiuf hits you with a quarterstaff of chaos!
You feel yourself slow down.
You take 10 damage, and have 23/38 hp.
MASSIVE DAMAGE!!
You hit Crazy Yiuf.
Crazy Yiuf is almost dead.
Your spectral weapon closely misses Crazy Yiuf.
Crazy Yiuf hits you with a quarterstaff of chaos!
* * * LOW HITPOINT WARNING * * *
Crazy Yiuf hits you with a quarterstaff of chaos!
You die...

.....###### #....#
.......# ##...# .....#.#
##.####### .......#####
#.......## .....#.....#
##.......## ...#..####.##
#.........#
...##.####..###.........#
................g(......#
#####...#....#..@.......#
# ##...##.............#
## ##................##
.# #......#..........# .#
#####.............#
.##########.............#
........................#
#####...#####...........#
###......#.........##


You could see Crazy Yiuf and a friendly spectral falchion.

Vanquished Creatures
  4 adders
  3 oozes
  4 worms (D:2)
  A dart slug (D:1)
  3 giant geckos
  5 bats
  3 giant cockroaches
  3 goblins (D:1)
  7 hobgoblins
  4 kobolds
  A ball python (D:1)
  3 giant newts
  4 rats
  A fungus (D:2)
46 creatures vanquished.

Notes
Turn   | Place    | Note
--------------------------------------------------------------
     0 | D:1      | namelastname112 the Draconian Skald began the quest for the Orb.
     0 | D:1      | Reached XP level 1. HP: 17/17 MP: 3/3
   390 | D:1      | Reached XP level 2. HP: 14/25 MP: 5/5
   733 | D:1      | epen: алло
   779 | D:1      | epen: алло
   796 | D:1      | epen: это твоя жопа
   827 | D:1      | epen: секса хочу
   832 | D:1      | Reached XP level 3. HP: 30/30 MP: 6/6
   986 | D:1      | namelastname112: надо приехать
   986 | D:1      | namelastname112: к тебе в иваново
   986 | D:1      | namelastname112: и в ебало дать
  1061 | D:1      | epen: лол
  1328 | D:1      | Learned a level 3 spell: Regeneration
  1359 | D:2      | Reached XP level 4. HP: 29/37 MP: 7/7
  1525 | D:2      | epen: кто более приоритетная цель
  1583 | D:2      | epen: муравей солдат
  1763 | D:2      | epen: или паук
  1791 | D:2      | epen: с красной хуйнёй на жопе
  1791 | D:2      | namelastname112: а че за паук
  1791 | D:2      | namelastname112: @??redback
  1791 | D:2      | beem: redback (s)
                  | Spd:
    15 | HD: 9    | HP: 23-31
                  | AC/EV: 2/12
                  | Dam: 18(strong poison:33-58)
                  | web sense
                  | Res: magic(20)
                  | Vul: poison
                  | Chunks: noxious
                  | XP:
   220 | Sz: tiny | Int: animal.
  1791 | D:2      | namelastname112: @??soldier ant
  1791 | D:2      | beem: soldier ant (a)
                  | Spd:
    10 | HD: 6    | HP: 28-39
                  | AC/EV: 8/10
                  | Dam: 14(poison:12-24)
                  | Res: magic(20)
                  | Vul: poison
                  | Chunks: noxious
                  | XP:
   157 | Sz: Medium | Int: animal.
  1791 | D:2      | namelastname112: ну сам подумай
  1791 | D:2      | incide: приоритет вроде по хд берется
  1965 | D:2      | Learned a level 3 spell: Spectral Weapon
  1966 | D:2      | Noticed Crazy Yiuf
  1988 | D:2      | Slain by Crazy Yiuf

Skill      XL: |  1  2  3  4 |
---------------+-------------+-----
Charms         | 3 |  3.4
Fighting       | 3 |  3.0
Long Blades    | 3 |  3.0
Dodging        | |  1.9
Spellcasting   | |  2.5

Action                   |  1- 3 |  4- 6 || total
-------------------------+-------+-------++-------
Melee: Falchion          |   120 |    88 ||   208
       Tailslap          |     9 |    10 ||    19
 Cast: Infusion          |     2 |       ||     2
       Spectral Weapon   |       |     1 ||     1
 Stab: Sleeping          |     1 |       ||     1
  Eat: Chunk             |     2 |     1 ||     3
       Pizza             |       |     1 ||     1
Armor: Skin              |    57 |    19 ||    76
Dodge: Dodged            |    97 |    47 ||   144
